Map: 莱瑞拉克之冠

Players

iGiA (iAsonu)

  • Race: Zerg Zerg
  • League: Master

iGXiGua - Winner!

  • Race: Zerg Zerg
  • League: Master

Event: GPL 2015 - Grand Finals

VOD

Have the link to the VOD?

Description

Time

  • Played on: Jan. 22, 2016, 9:41 p.m.
  • Length: 22:22

All games in this series

Show
View Real Time Build Order
Export as new Build Order

iGiA Zerg 

Build Orders: Pool First, Lurkers 

Get SALT Encoding   

  12  0:01  Drone  
  13  0:12  Overlord  
  13  0:17  Drone  
  14  0:31  Drone x2  
  17  0:35  Drone  
  17  0:44  Extractor  
  17  0:49  Spawning Pool  
  15  0:50  Drone  
  15  0:56  Drone  
  17  1:07  Drone  
  18  1:20  Hatchery  
  17  1:35  Queen  
  17  1:36  Zergling x2  
  17  1:37  Zergling x2  
  21  1:44  Drone  
  22  1:47  Metabolic Boost  
  22  1:55  Overlord  
  22  2:06  Baneling Nest  
  21  2:09  Drone  
  22  2:19  Zergling x2  
  22  2:22  Zergling x2  
  24  2:33  Zergling x4  
  26  2:47  Zergling x4  
  26  2:48  Overlord  
  26  2:51  Baneling x2  
  28  2:53  Drone  
  28  2:54  Queen  
  28  2:57  Drone  
  32  3:01  Zergling x2  
  32  3:02  Drone  
  34  3:07  Drone  
  35  3:14  Drone  
  35  3:20  Drone  
  35  3:22  Drone  
  35  3:23  Drone  
  35  3:24  Drone  
  35  3:26  Drone  
  35  3:32  Drone x2  
  37  3:37  Baneling x4  
  37  3:43  Drone x2  
  39  3:50  Roach Warren  
  38  3:59  Drone x3  
  38  4:00  Drone  
  38  4:01  Drone  
  41  4:03  Drone x2  
  41  4:04  Drone  
  41  4:09  Overlord  
  44  4:16  Overlord  
  44  4:22  Overlord  
  44  4:25  Overlord  
  44  4:30  Queen  
  46  4:32  Roach x2  
  46  4:35  Overlord  
  46  4:36  Roach  
  51  4:39  Roach  
  51  4:42  Roach  
  55  4:51  Hatchery  
  54  4:53  Zergling x2  
  54  4:58  Extractor  
  54  5:00  Evolution Chamber  
  54  5:01  Drone x2  
  54  5:03  Overlord  
  54  5:05  Zergling x2  
  54  5:06  Drone  
  57  5:08  Drone  
  57  5:10  Drone  
  59  5:15  Drone x2  
  59  5:18  Baneling  
  59  5:20  Drone x2  
  63  5:21  Drone x2  
  63  5:25  Drone  
  63  5:26  Zerg Missile Weapons Level 1  
  63  5:27  Extractor  
  65  5:31  Lair  
  65  5:33  Drone  
  66  5:35  Extractor  
  66  5:37  Overlord  
  64  5:44  Drone  
  64  5:45  Pneumatized Carapace, Drone  
  64  5:47  Drone  
  67  5:54  Roach x3  
  67  5:56  Drone x2  
  75  5:58  Drone  
  75  6:01  Roach  
  75  6:03  Roach  
  80  6:07  Roach  
  82  6:12  Roach  
  82  6:16  Roach x2  
  88  6:19  Drone  
  88  6:23  Drone  
  88  6:25  Overlord  
  90  6:28  Drone  
  90  6:29  Glial Reconstitution  
  90  6:32  Roach x3  
  97  6:36  Overlord x2  
  97  6:41  Overlord  
  97  6:44  Drone x3  
  97  6:45  Drone  
  103  6:47  Roach x2, Extractor  
  103  6:50  Drone  
  105  6:55  Overlord  
  105  6:56  Roach x2, Drone  
  105  6:59  Overseer, Roach  
  112  7:02  Roach x2  
  112  7:05  Drone  
  112  7:08  Roach  
  119  7:13  Roach x4  
  126  7:20  Zerg Missile Weapons Level 2  
  126  7:23  Roach  
  126  7:24  Roach x3  
  126  7:27  Roach x2  
  138  7:33  Overseer, Overlord  
  138  7:41  Overlord x2  
  138  7:42  Overlord  
  138  7:49  Overlord  
  138  7:53  Roach x4  
  138  7:55  Overlord  
  146  8:01  Roach x3  
  146  8:02  Roach x3  
  158  8:06  Extractor  
  158  8:08  Burrow  
  158  8:11  Hydralisk Den  
  158  8:12  Roach x4  
  164  8:18  Spore Crawler  
  163  8:21  Spore Crawler  
  163  8:26  Spore Crawler  
  161  8:31  Spore Crawler  
  160  8:34  Baneling x2  
  160  8:36  Overlord x2  
  160  8:38  Spore Crawler  
  160  8:39  Overlord x2  
  160  8:40  Muscular Augments  
  159  8:52  Overlord  
  159  8:53  Overlord  
  159  8:55  Spore Crawler  
  157  8:56  Roach x6  
  169  9:06  Hydralisk x3  
  169  9:08  Overlord  
  175  9:13  Hydralisk x2  
  179  9:18  Hydralisk, Ravager  
  182  9:26  Hydralisk x3  
  176  9:38  Hydralisk x2  
  176  9:39  Hydralisk x2  
  176  9:44  Hydralisk  
  176  9:45  Hydralisk  
  182  9:51  Queen  
  184  9:54  Roach  
  184  9:55  Roach x2  
  190  10:03  Zerg Ground Armor Level 1  
  190  10:11  Roach x5  
  200  10:15  Overseer  
  200  10:28  Hatchery  
  200  10:31  Lurker Den  
  163  10:51  Roach x9  
  163  10:52  Roach x4  
  178  10:57  Hydralisk x2  
  182  11:12  Roach x37  
  182  11:16  Tunneling Claws  
  182  11:22  Hydralisk  
  182  11:23  Hydralisk x6  
  196  11:35  Roach  
  192  11:52  Roach x4  
  200  12:16  Zerg Ground Armor Level 2  
  192  12:31  Queen  
  192  12:33  Roach  
  192  12:34  Roach x2  
  200  12:46  Spore Crawler, Roach Warren  
  200  12:51  Roach  
  188  13:09  Lurker x10  
  184  13:17  Overseer  
  182  13:30  Overseer x2  
  182  13:42  Roach  
  182  13:43  Roach x8  
  198  13:49  Hydralisk  
  141  14:33  Spore Crawler x2  
  111  14:51  Hatchery  
  111  14:52  Spore Crawler  
  109  14:54  Spore Crawler  
  96  15:37  Roach Warren  
  96  15:40  Hydralisk Den  
  83  16:29  Hydralisk x3  
  84  16:34  Spawning Pool  
  83  16:47  Roach x11  
  83  16:54  Drone x4  
  87  16:58  Roach x8  
  85  17:23  Queen  
  85  17:27  Extractor  
  85  17:29  Drone x3  
  87  17:34  Roach  
  87  17:36  Roach  
  87  17:42  Drone  
  88  17:45  Spore Crawler  
  85  18:09  Queen, Drone x2  
  89  18:13  Spore Crawler  
  89  18:17  Spore Crawler  
  89  18:18  Roach x2  
  89  18:19  Roach x2  
  85  18:24  Drone x2  
  87  18:27  Spore Crawler  
  82  18:50  Hydralisk  
  82  18:51  Hydralisk x2  
  82  19:07  Roach x2  
  82  19:10  Hydralisk  
  84  19:31  Hydralisk  
  84  19:35  Roach  
  86  19:45  Drone  
  86  19:48  Roach x2  
  86  19:50  Queen  
  86  19:52  Spore Crawler, Extractor  
  91  20:11  Roach x2  
  89  20:26  Drone x3  
  92  20:35  Hydralisk x2  
  91  20:38  Queen  
  95  20:59  Roach x3  
  99  21:05  Roach x2  
  99  21:14  Queen  
  101  21:18  Spore Crawler  
  101  21:21  Roach x3  
  91  21:34  Roach  
  87  21:46  Roach  
Show
View Real Time Build Order
Export as new Build Order

iGXiGua Zerg - Winner!

Build Orders: Pool First 

Get SALT Encoding   

  12  0:01  Drone  
  13  0:08  Drone  
  14  0:17  Overlord  
  14  0:23  Extractor, Drone  
  15  0:35  Drone x2  
  17  0:44  Spawning Pool  
  17  0:49  Extractor  
  15  0:51  Drone  
  15  0:55  Drone  
  17  1:06  Drone  
  18  1:21  Hatchery  
  17  1:30  Queen  
  19  1:35  Zergling x2  
  20  1:42  Baneling Nest  
  20  1:46  Drone  
  20  1:49  Zergling x2  
  21  1:58  Drone  
  22  2:02  Overlord  
  22  2:20  Queen  
  22  2:22  Metabolic Boost  
  24  2:24  Drone  
  25  2:30  Drone  
  25  2:33  Drone  
  25  2:34  Baneling x2  
  27  2:38  Drone  
  27  2:42  Drone  
  29  2:47  Zergling x2  
  29  2:51  Zergling x2  
  31  2:55  Drone x2  
  31  2:57  Drone  
  34  3:02  Overlord  
  34  3:05  Baneling x2  
  34  3:11  Baneling x2  
  33  3:15  Queen  
  35  3:23  Drone x3  
  35  3:26  Drone  
  37  3:28  Zergling x2  
  37  3:31  Zergling x2  
  37  3:33  Drone  
  40  3:38  Overlord  
  40  3:40  Drone  
  41  3:45  Drone x2  
  43  3:55  Overlord, Baneling x2  
  43  3:59  Zergling x6  
  43  4:02  Drone x2  
  47  4:08  Roach Warren  
  46  4:15  Drone x2  
  46  4:16  Drone x3  
  50  4:28  Hatchery  
  50  4:30  Hatchery  
  48  4:40  Extractor  
  48  4:42  Drone x3  
  48  4:43  Lair, Drone  
  51  4:48  Overlord  
  51  4:49  Roach x2  
  51  4:52  Roach  
  57  4:54  Roach  
  57  4:57  Overlord  
  59  5:02  Overlord  
  59  5:09  Roach x2, Extractor, Evolution Chamber  
  59  5:10  Roach  
  59  5:13  Drone  
  64  5:15  Roach  
  64  5:17  Roach  
  64  5:21  Roach, Drone  
  69  5:22  Drone  
  70  5:32  Drone x2  
  72  5:36  Extractor, Ravager  
  71  5:43  Drone x5  
  71  5:49  Zerg Missile Weapons Level 1  
  76  5:50  Drone  
  76  5:52  Drone  
  76  5:53  Overseer, Drone x3  
  76  5:56  Glial Reconstitution  
  81  5:58  Drone x2  
  81  6:02  Extractor  
  81  6:03  Extractor, Drone  
  82  6:08  Overlord, Drone x2  
  83  6:11  Overlord  
  83  6:16  Spire  
  83  6:17  Drone x3  
  85  6:20  Drone  
  85  6:21  Overlord  
  85  6:24  Drone  
  87  6:28  Overlord  
  87  6:29  Drone  
  87  6:32  Overlord  
  88  6:34  Roach  
  88  6:39  Roach  
  96  6:40  Roach x2  
  96  6:45  Roach x2  
  96  6:46  Roach  
  102  6:48  Pneumatized Carapace  
  102  6:54  Roach x3  
  108  6:58  Roach x2  
  112  7:01  Overlord  
  112  7:13  Drone  
  112  7:14  Drone  
  112  7:20  Overlord  
  112  7:23  Drone x2  
  112  7:25  Drone  
  112  7:29  Hatchery  
  114  7:30  Mutalisk x6  
  114  7:31  Mutalisk  
  128  7:44  Zerg Missile Weapons Level 2  
  128  7:49  Mutalisk x2  
  128  7:50  Hatchery  
  131  7:55  Roach, Zergling x12  
  131  7:58  Overlord  
  139  8:04  Overlord  
  139  8:07  Overlord  
  139  8:09  Overlord  
  139  8:14  Roach x3  
  139  8:16  Ravager x4  
  139  8:17  Ravager  
  150  8:25  Roach x5  
  160  8:31  Roach x4  
  160  8:32  Overlord x2  
  168  8:35  Overlord  
  168  8:39  Roach  
  168  8:40  Roach x2  
  174  8:44  Overlord  
  174  8:45  Roach, Zergling x2  
  174  8:46  Roach  
  179  8:51  Roach x2, Drone  
  184  8:56  Roach x3  
  184  9:00  Ravager  
  184  9:01  Ravager x2  
  193  9:05  Roach x3  
  187  9:41  Roach  
  187  9:42  Roach x9  
  187  9:44  Roach  
  196  10:00  Roach x2  
  196  10:04  Spore Crawler x2  
  196  10:06  Spore Crawler x2  
  194  10:07  Spore Crawler  
  194  10:11  Ravager  
  194  10:12  Ravager x5  
  199  10:14  Ravager  
  199  10:19  Zerg Ground Armor Level 1  
  205  10:46  Roach x2  
  205  10:49  Roach  
  184  10:50  Roach x11  
  184  10:53  Roach  
  184  10:54  Roach x8  
  184  10:56  Roach  
  184  10:57  Roach x3  
  190  10:58  Overlord  
  190  11:00  Overlord x2  
  190  11:05  Overlord x2  
  190  11:06  Overlord  
  190  11:15  Overlord  
  190  11:16  Overlord  
  190  11:24  Hydralisk Den  
  189  11:26  Roach x5  
  197  11:47  Roach  
  199  12:12  Muscular Augments  
  199  12:15  Overseer  
  199  12:19  Zerg Ground Armor Level 2  
  191  12:24  Hydralisk x8  
  200  12:30  Extractor  
  200  12:35  Roach  
  199  12:37  Overseer x2  
  199  12:42  Hatchery  
  199  12:44  Ravager  
  199  12:50  Ravager  
  200  12:56  Spine Crawler  
  199  13:22  Spine Crawler  
  192  13:31  Roach x4  
  182  13:36  Roach x11  
  200  13:53  Roach x3  
  200  14:01  Roach  
  200  14:02  Roach x3  
  200  14:05  Roach x3, Ravager  
  191  14:10  Roach x4  
  181  14:24  Overseer  
  181  14:25  Mutalisk  
  181  14:26  Mutalisk x5  
  181  14:28  Mutalisk  
  170  14:31  Mutalisk  
  170  14:35  Mutalisk x3  
  159  14:41  Mutalisk x2  
  152  14:53  Zergling x4  
  152  14:54  Zergling x6  
  152  14:56  Hatchery  
  141  15:31  Hatchery  
  140  15:41  Zergling x2  
  140  15:42  Zergling x6  
  144  15:43  Zergling x10  
  149  15:56  Drone x2  
  151  15:59  Drone  
  152  16:05  Drone  
  151  16:31  Drone  
  151  16:32  Drone x2  
  152  16:46  Drone  
  150  16:48  Roach Warren  
  149  16:57  Overlord  
  149  16:58  Overlord x2  
  149  17:00  Extractor  
  148  17:04  Drone x3  
  148  17:06  Extractor, Drone x2  
  152  17:09  Extractor  
  150  17:17  Lair  
  150  17:19  Drone  
  151  17:33  Drone  
  151  17:36  Extractor  
  151  17:37  Drone  
  151  17:40  Roach x3  
  158  17:46  Drone x3  
  158  17:48  Drone x3  
  161  18:08  Roach x2  
  163  18:14  Drone  
  163  18:15  Drone x2  
  165  18:21  Overseer  
  165  18:22  Roach  
  165  18:23  Roach x3  
  165  18:26  Drone  
  174  18:36  Drone  
  174  18:37  Overseer  
  173  18:44  Drone  
  162  19:06  Drone x2  
  156  19:19  Drone  
  156  19:20  Drone  
  156  19:23  Drone  
  159  19:34  Drone  
  159  19:35  Drone  
  159  19:37  Drone  
  162  19:47  Drone  
  162  19:48  Drone  
  162  19:49  Drone  
  162  19:52  Drone  
  166  20:07  Roach x3  
  161  20:26  Roach  
  161  20:27  Roach x3  
  167  20:37  Roach x2  
  167  20:40  Hydralisk Den  
  168  20:43  Roach  
  168  20:44  Roach  
  163  21:03  Roach x4  
  161  21:12  Drone x3  
  161  21:17  Roach x2  
  168  21:24  Roach x2  
  158  21:39  Drone x2  
  157  21:43  Roach x2  
  157  21:53  Roach  
  157  21:54  Roach  
  150  22:02  Roach  
  150  22:03  Roach  
Tags
 
Add a new tag
Caveats
  • Supply blocks, unpowered buildings, or Contaminate may cause inaccurate times.
  • Supply counts are checked every 10 seconds.